 Dungeon Crawl Stone Soup version 0.29.1-12-g30fa7ad0bf (webtiles) character file.

Game seed: 16645115822773355659

11023 GeoRichter the Summoner (level 11, 0/78 HPs)
             Began as a Demonspawn Wanderer on Dec 24, 2022.
             Was a Believer of Dithmenos.
             Slain by a komodo dragon (12 damage)
             ... while petrified by a basilisk
             ... on level 1 of the Lair of Beasts.
             The game lasted 00:40:17 (14738 turns).

GeoRichter the Summoner (Demonspawn Wanderer)      Turns: 14738, Time: 00:40:17

Health: 0/78       AC: 12    Str: 16    XL:     11   Next: 43%
Magic:  14/21      EV:  2    Int: 18    God:    Dithmenos [**....]
Gold:   682        SH:  0    Dex: 12    Spells: 16/24 levels left

rFire   + . .      SeeInvis .   a - +6 dagger (flame)
rCold   . . .      Faith    .   (no shield)
rNeg    + + +      Spirit   .   t - +0 troll leather armour
rPois   ∞          Reflect  .   l - +0 helmet {Int+3}
rElec   .          Harm     .   O - +1 cloak of Starlight {*Dazzle EV+4 Stlth--}
rCorr   .          Rampage  .   C - +0 pair of gloves
Will    .....                   B - +2 pair of boots
Stlth   ..........              G - amulet of the acrobat
HPRegen 1.03/turn               y - ring of protection from fire
MPRegen 0.17/turn               D - ring of flight

@: mighty, petrified, marked, flying, wreathed by umbra
A: claws 2, large bone plates 1, foul stench 1, powered by pain 2
a: Renounce Religion, Shadow Step


You were on level 1 of the Lair of Beasts.
You worshipped Dithmenos.
Dithmenos was pleased with you.
You visited 3 branches of the dungeon, and saw 12 of its levels.

You collected 682 gold pieces.

Inventory:

Hand Weapons
 a - a +6 dagger of flaming (weapon)
   (You took it off an orc wizard on level 9 of the Dungeon)
 b - a +1 dagger of pain
   (You found it on level 1 of the Dungeon)
 u - a +1 whip of electrocution
   (You took it off a kobold on level 4 of the Dungeon)
Missiles
 A - 2 throwing nets (quivered) {!f}
 H - 5 curare-tipped darts {!f}
Armour
 h - a +1 ring mail of cold resistance
   (You found it on level 3 of the Dungeon)
 l - a +0 helmet of intelligence (worn)
   (You took it off Robin on level 1 of the Dungeon)
 t - a +0 troll leather armour (worn)
   (You found it on level 4 of the Dungeon)
 B - a +2 pair of boots (worn)
   (You found it on level 5 of the Dungeon)
 C - a +0 pair of gloves (worn)
   (You found it on level 5 of the Dungeon)
 O - the +1 cloak of Starlight (worn) {*Dazzle EV+4 Stlth--}
   (You found it on level 8 of the Dungeon)

   It may blind those who miss an attack against the wearer in melee combat.
   EV:        It affects your evasion (+4).
   Stlth:     It makes you much less stealthy.
Magical Staves
 d - a staff of air
   (You found it on level 4 of the Dungeon)
Jewellery
 y - a ring of protection from fire (left hand)
   (You found it on level 4 of the Dungeon)
 D - a ring of flight (right hand)
   (You found it on level 5 of the Dungeon)
 G - an amulet of the acrobat (around neck)
   (You found it on level 6 of the Dungeon)
 K - a ring of ice
   (You found it on level 6 of the Dungeon)
Wands
 f - a wand of polymorph (2)
   (You found it on level 1 of the Lair of Beasts)
 j - a wand of acid (4)
   (You found it on level 10 of the Dungeon)
 o - a wand of mindburst (7)
   (You found it on level 3 of the Dungeon)
 L - a wand of iceblast (4)
   (You found it on level 6 of the Dungeon)
 M - a wand of paralysis (17)
   (You found it on level 7 of the Dungeon)
Scrolls
 c - a scroll of fog
 e - 2 scrolls of torment {!r}
 m - 3 scrolls of blinking
 E - 2 scrolls of enchant weapon
 I - 3 scrolls of immolation {!r}
 Q - 3 scrolls of enchant armour
Potions
 i - a potion of might
 k - a potion of curing {@q1}
 n - 2 potions of attraction {!q}
 r - 3 potions of lignification {!q}
 v - a potion of invisibility {unknown}
 w - 2 potions of ambrosia
 x - 2 potions of degeneration {unknown}
 F - 2 potions of cancellation {unknown}
 J - 3 potions of mutation {!q}
 N - 2 potions of flight
 P - a potion of resistance {unknown}
 R - a potion of magic {unknown}


   Skills:
 + Level 4.9 Fighting
 * Level 7.4 Short Blades
 - Level 1.0 Throwing
 + Level 4.6 Armour
 + Level 4.4 Dodging
 - Level 0.1 Stealth
 - Level 7.0 Spellcasting
 - Level 10.0 Summonings
 - Level 7.0 Air Magic
 - Level 1.0 Poison Magic
 - Level 1.2 Invocations


You had 16 spell levels left.
You knew the following spells:

 Your Spells              Type           Power      Damage    Failure   Level
a - Summon Small Mammal   Summ           100%       N/A       1%          1
b - Summon Guardian Gole  Hex/Summ       24%        N/A       4%          3
c - Summon Lightning Spi  Summ/Air       36%        N/A       3%          4

Your spell library contained the following spells:

 Spells                   Type           Power      Damage    Failure   Level
 Sting                    Tmut/Pois      32%        1d4       11%         1
 Beastly Appendage        Tmut           12%        N/A       13%         1
 Magic Dart               Conj           24%        1d4       13%         1
 Mephitic Cloud           Conj/Pois/Air  15%        N/A       13%         3
 Searing Ray              Conj           12%        2d4       19%         2
 Wereblood                Tmut           6%         N/A       19%         2
 Spider Form              Tmut/Pois      8%         N/A       30%         3
 Fulminant Prism          Conj/Hex       3%         3d6       77%         4


Dungeon Overview and Level Annotations

Branches:
Dungeon (10/15) Zot: 25455  Temple (1/1) D:6 Zot: 5726    Lair (1/5) D:10 Zot: 5506
    Orc (0/2) D:10

Altars:
Ashenzari
Cheibriados
Dithmenos
Fedhas
Gozag
Hepliaklqana
Kikubaaqudgha
Makhleb
Nemelex Xobeh
Okawaru
Qazlal
Ru
Sif Muna
Trog
Uskayaw
Vehumet
Wu Jian
Xom
Yredelemnul

Shops:
D:1 *   D:9 (

Annotations:
D:2 Sigmund


Innate Abilities, Weirdness & Mutations

You have very sharp fingernails.
You are partially covered in large bone plates. (SH +4)
You may rarely emit foul miasma when damaged in melee.
You sometimes gain power by taking damage.


Message History

Really read
e - 3 scrolls of torment {!r}?
Really read the scroll of torment?
As you read the scroll of torment {!r}, it crumbles to dust.
Your body is wracked with pain!
* * * LOW HITPOINT WARNING * * *
You focus on the pain.
You feel very mighty all of a sudden.
The basilisk convulses!
The yak convulses! x3; The komodo dragon convulses!
The yak convulses! x2; The wolf convulses! x2; The yak convulses!
The basilisk convulses!
The basilisk gazes at you. You resist with some effort.
You block the komodo dragon's attack.
Okay, then.
An electric hum fills the air.
The basilisk gazes at you.
You are slowing down.
The komodo dragon misses you.
The komodo dragon is blinded by the light from your cloak!
The yak attacks as you move away! The yak gores you!
* * * LOW HITPOINT WARNING * * *
Your guardian golem disappears in a puff of smoke!
The basilisk gazes at you.
Your limbs have turned to stone.
The yak closely misses you. You block the yak's attack.
You have turned to stone.
The komodo dragon bites you!!
* * * LOW HITPOINT WARNING * * *
The wolf bites your lightning spire. The basilisk bites you.
* * * LOW HITPOINT WARNING * * *
The yak gores you.
* * * LOW HITPOINT WARNING * * *
The yak gores your lightning spire but does no damage.
The wolf bites your lightning spire.
The komodo dragon bites you but does no damage.
The basilisk bites you but does no damage.
The yak gores your lightning spire.
The yak gores your lightning spire but does no damage.
The wolf bites your lightning spire!
The wolf bites your lightning spire but does no damage.
The komodo dragon bites you!!
* * * LOW HITPOINT WARNING * * *
Your lightning spire shoots out a bolt of lightning at the wolf!
The bolt of electricity misses the wolf.
The yak gores your lightning spire!
Your lightning spire is destroyed!
Your lightning spire disappears in a puff of smoke!
The basilisk bites you.
* * * LOW HITPOINT WARNING * * *
The komodo dragon bites you!!
You die...

............................
##P.######P........>........
##### ###................ .#
#................ ##
#................
############........Y.......
.............≈≈≈≈≈≈≈........
...............~lllhY..####.
..#########.....@YY#..##
..######.##....hYY.h.....
...........................
...........................
####.......................
##.##......................
)..........................
.........†...............
...................


You could see a komodo dragon (blind), 6 yaks, 2 basilisks and 3 wolves.

Vanquished Creatures
  2 cane toads (Lair:1)
  A torpor snail (Lair:1)
  A rime drake (Lair:1)
  A kobold demonologist (D:10)
  A hornet (D:10)
  5 yaks
  A wyvern (D:8)
  Eustachio (D:5)
  A steam dragon (D:9)
  2 wargs (D:10)
  An acid dragon (D:10)
  A nameless horror (Lair:1)
  A water moccasin (D:9)
  A black bear (Lair:1)
  2 sky beasts
  A centaur (D:9)
  6 wolves (Lair:1)
  A phantom (D:4)
  A necrophage (D:6)
  4 bullfrogs
  2 scorpions
  2 wights (D:8)
  A howler monkey (D:9)
  A quasit (D:6)
  2 hounds
  A jelly (D:5)
  5 iguanas
  3 orc wizards
  Robin (D:1)
  2 gnolls
  8 adders
  2 ufetubi
  2 worms (D:2)
  2 dart slugs
  5 orcs
  2 bats
  2 endoplasms
  8 giant cockroaches
  10 goblins
  10 hobgoblins
  3 jackals (D:1)
  2 quokkas
  4 ball pythons
  3 frilled lizards
  6 kobolds
  A rat (D:2)
125 creatures vanquished.

Vanquished Creatures (collateral kills)
  A two-headed ogre (D:10)
  2 kobold demonologists (D:9)
  A troll (D:9)
  A shadow (D:10)
  4 yaks
  A steam dragon (D:7)
  2 wargs (D:10)
  An acid dragon (D:9)
  A water moccasin (Lair:1)
  2 orc warriors (D:9)
  A sky beast (D:7)
  A black bear (Lair:1)
  A centaur (D:10)
  A wolf (Lair:1)
  A kobold brigand (D:9)
  A wight (D:8)
  Dowan (D:6)
  3 killer bees (D:8)
  2 howler monkeys (D:9)
  A quasit (D:6)
  2 hounds
  A gnoll bouda (D:7)
  An orc priest (D:8)
  2 iguanas
  3 orc wizards (D:7)
  A nameless horror (D:10)
  8 gnolls
  3 adders
  A shadow imp (D:6)
  A dart slug (D:5)
  14 orcs
  A ball python (D:4)
  3 endoplasms (D:1)
  2 giant cockroaches (D:2)
  A goblin (D:1)
  2 hobgoblins
  A jackal (D:1)
  A quokka (D:1)
  A bat (D:1)
  9 kobolds
87 creatures vanquished.

Vanquished Creatures (others)
  The ghost of Zeus21348 the Chopper, an amateur HOFi (D:5)
  A hornet (D:10)
  5 yaks
  Menkaure (D:5)
  Duvessa (D:6)
  A sky beast (D:6)
  A black bear (D:6)
  A centaur (D:10)
  A kobold brigand (D:6)
  A scorpion (D:5)
  A killer bee (D:8)
  2 orc priests
  Crazy Yiuf (D:7)
  A gnoll bouda (D:6)
  2 jellies
  An iguana (D:5)
  An orc wizard (D:5)
  2 gnolls (D:7)
  4 orcs
  A giant cockroach (D:4)
  4 demonic plants (D:6)
  3 fungi (Lair:1)
  9 plants
46 creatures vanquished.

Grand Total: 258 creatures vanquished

Notes
Turn   | Place    | Note
-------+----------+-------------------------------------------
     0 | D:1      | GeoRichter the Demonspawn Wanderer began the quest for the
                  | Orb.
     0 | D:1      | GeoRichter set off with the following items: a +0 dagger,
                  | 10 poisoned darts, a scroll of teleportation {@r4}, a +0
                  | leather armour; and the following spells available to
                  | memorise: Summon Small Mammal, Sting, Summon Guardian
                  | Golem, Mephitic Cloud, Summon Lightning Spire.
     0 | D:1      | Reached XP level 1. HP: 13/13 MP: 2/2
    23 | D:1      | Learned a level 1 spell: Summon Small Mammal
   567 | D:1      | Found a faded altar of an unknown god.
   598 | D:1      | Gained mutation: You sometimes gain a little power by
                  | taking damage. [demonic ancestry]
   598 | D:1      | Reached XP level 2. HP: 18/19 MP: 0/4
  1056 | D:1      | Found Beceitwu's General Store.
  1279 | D:2      | Gained mutation: You have sharp fingernails. [demonic
                  | ancestry]
  1279 | D:2      | Reached XP level 3. HP: 15/24 MP: 3/5
  1599 | D:2      | Learned a level 3 spell: Summon Guardian Golem
  1702 | D:2      | Noticed Sigmund
  1888 | D:2      | Noticed Robin
  1916 | D:1      | Gained mutation: You may rarely emit foul miasma when
                  | damaged in melee. [demonic ancestry]
  1916 | D:1      | Reached XP level 4. HP: 30/30 MP: 7/7
  1923 | D:1      | Reached skill level 6 in Summonings
  2109 | D:1      | Killed Robin
  3851 | D:3      | Reached XP level 5. HP: 25/35 MP: 8/8
  4192 | D:3      | Found a basalt altar of Yredelemnul.
  4192 | D:3      | Found a shimmering altar of Xom.
  4270 | D:4      | Noticed a phantom
  4291 | D:4      | Killed a phantom
  4536 | D:4      | Reached skill level 7 in Summonings
  4695 | D:4      | Reached XP level 6. HP: 35/41 MP: 10/10
  5137 | D:4      | Found a sparkling altar of Nemelex Xobeh.
  5253 | D:5      | Entered Level 5 of the Dungeon
  5472 | D:5      | Noticed Eustachio
  5472 | D:5      | Noticed Menkaure
  5578 | D:5      | Gained mutation: You are partially covered in large bone
                  | plates. (SH +4) [demonic ancestry]
  5578 | D:5      | Reached XP level 7. HP: 41/46 MP: 10/12
  5635 | D:5      | Found a runed translucent door.
  5645 | D:5      | Noticed Zeus21348's ghost (amateur HOFi)
  5671 | D:5      | Reached skill level 8 in Summonings
  5693 | D:5      | Killed Menkaure
  5746 | D:5      | Killed Eustachio
  6107 | D:5      | Reached skill level 9 in Summonings
  6112 | D:5      | Learned a level 4 spell: Summon Lightning Spire
  6347 | D:5      | Killed Zeus21348's ghost
  6348 | D:5      | Reached skill level 5 in Spellcasting
  6348 | D:5      | Reached XP level 8. HP: 50/52 MP: 12/15
  6776 | D:6      | Found a staircase to the Ecumenical Temple.
  6795 | Temple   | Entered the Ecumenical Temple
  7023 | Temple   | Became a worshipper of Dithmenos the Shadowed
  7089 | D:6      | Found a broken altar of Ashenzari.
  7107 | D:6      | Noticed Duvessa
  7107 | D:6      | Noticed Dowan
  7122 | D:6      | Killed Duvessa
  7165 | D:6      | Killed Dowan
  7818 | D:6      | Gained mutation: You have very sharp fingernails. [demonic
                  | ancestry]
  7818 | D:6      | Reached XP level 9. HP: 57/57 MP: 9/17
  7929 | D:6      | Reached skill level 5 in Air Magic
  8255 | D:6      | Found a hazy altar of Hepliaklqana.
  8255 | D:6      | Found a burning altar of Makhleb.
  8982 | D:6      | Reached skill level 10 in Summonings
  9159 | D:7      | Reached * piety under Dithmenos
  9535 | D:7      | Reached skill level 1 in Short Blades
  9934 | D:7      | Found a stormy altar of Qazlal.
 10039 | D:7      | Found a runed translucent door.
 10040 | D:7      | Noticed Crazy Yiuf
 10230 | D:7      | Killed Crazy Yiuf
 10756 | D:8      | Found the +1 cloak of Starlight {*Dazzle EV+4 Stlth--}
 11337 | D:8      | Found a shimmering blue altar of Sif Muna.
 11524 | D:9      | Noticed a troll
 11530 | D:9      | Gained mutation: You sometimes gain power by taking damage.
                  | [demonic ancestry]
 11530 | D:9      | Reached XP level 10. HP: 17/64 MP: 7/20
 11530 | D:9      | HP: 3/64 [troll (8)]
 11677 | D:9      | Reached skill level 1 in Fighting
 11706 | D:9      | Reached skill level 1 in Dodging
 11713 | D:9      | Reached ** piety under Dithmenos
 11851 | D:9      | Noticed a sixfirhy
 11865 | D:9      | Noticed an orange demon
 11874 | D:9      | Noticed a rust devil
 12411 | D:9      | Found Tinguj's Weapon Shop.
 12655 | D:10     | Entered Level 10 of the Dungeon
 12786 | D:10     | Found a staircase to the Orcish Mines.
 12911 | D:10     | Reached skill level 5 in Short Blades
 13511 | D:10     | Reached XP level 11. HP: 66/77 MP: 13/21
 13515 | D:10     | Noticed a two-headed ogre
 13522 | D:10     | Killed a two-headed ogre
 13604 | D:10     | Found a staircase to the Lair.
 13664 | D:10     | Found an iron altar of Okawaru.
 13873 | D:10     | Found a snail-covered altar of Cheibriados.
 14215 | Lair:1   | Entered Level 1 of the Lair of Beasts
 14738 | Lair:1   | Slain by a komodo dragon

Illustrated notes

Levels and vault maps discovered:
D:1:      tarquinn_simple_flora_water_e, layout_rooms, serial_shops,
          nicolae_shop_hallway_stairs,
          shapermc_ecumenical_altar_mp_urbaneastern, minmay_misc_feat_rugged
D:2:      layout_loops_corners, kennysheep_decorative_pillar, uniq_robin,
          uniq_sigmund
D:3:      layout_rooms, amethyst_overflow_temple_binary, grunt_decor_one_mirror
D:4:      layout_basic, marbit_many_paths, elyvilon_altar_4,
          ebering_dispersal_statue_hall, nicolae_figureground_sparkle
D:5:      layout_loops_ring, ebering_ghost_sewer_d, uniq_eustachio,
          uniq_menkaure
D:6:      layout_loops_corners, nicolae_ashenzari_skybound,
          gammafunk_temple_overflow_statue,
          minmay_temple_entry_drinking_statues, serial_demonic,
          serial_demonic_d, serial_demonic_e, serial_demonic_b,
          serial_demonic_g, serial_demonic_d, serial_demonic_b,
          water_maze_lemuel, uniq_duvessa
D:7:      layout_loops_ring, mainiacjoe_overflow_alcove_2,
          uniq_crazy_yiuf_cottage
D:8:      layout_loops_corners, nicolae_sif_muna_little_library
D:9:      layout_grid_maze, serial_shops, shop, hex_tiny,
          chequers_serial_rivers_small_b, skrybe_limestone_x
D:10:     layout_basic, chei_slow_surprise, kennysheep_mini, lair_entry_dummy,
          minmay_orc_entry_guard_dogs
Temple:   minmay_temple_curvy_loop
Lair:1:   layout_long_grid, chequers_serial_rivers_micro_e, serial_bayou_shore_b

Skill      XL: |  1  2  3  4  5  6  7  8  9 10 11 |
---------------+----------------------------------+-----
Spellcasting   | 2 3 5 7 |  7.0
Summonings     | 6 7 9 10 | 10.0
Air Magic      | 2 4 7 |  7.0
Short Blades   | 3 6 7 |  7.4
Fighting       | 4 |  4.9
Dodging        | 3 4 |  4.4
Armour         | 3 4 |  4.6
Throwing       | |  1.0
Stealth        | |  0.1
Poison Magic   | |  1.0
Invocations    | |  1.2

Action                   |  1- 3 |  4- 6 |  7- 9 | 10-12 || total
-------------------------+-------+-------+-------+-------++-------
Melee: Spear             |    87 |    75 |       |       ||   162
       Dagger            |     2 |       |   285 |   243 ||   530
       Short sword       |       |    25 |       |       ||    25
       Whip              |       |    91 |    92 |       ||   183
       Punch             |       |       |     8 |     6 ||    14
Throw: Dart              |    10 |     6 |       |       ||    16
 Cast: Summon Small Mamm |    42 |    61 |    93 |    21 ||   217
       Summon Guardian G |       |     1 |    47 |    20 ||    68
       Summon Lightning  |       |       |    25 |    28 ||    53
  Use: Potion            |       |     1 |       |     1 ||     2
       Scroll            |       |     1 |     2 |    17 ||    20
 Stab: Distracted        |     1 |     1 |     3 |     1 ||     6
       Invisible         |       |       |     1 |     8 ||     9
Armor: Leather armour    |    30 |    36 |       |       ||    66
       Troll leather arm |       |    33 |   169 |    56 ||   258
Dodge: Dodged            |    59 |   140 |   252 |   194 ||   645
Block: Other             |       |       |    75 |    44 ||   119
